 Dungeon Crawl Stone Soup version 0.19.5 (webtiles) character file.

758 equalderp2856 the Skirmisher (level 7, -11/55 HPs)
             Began as a Mummy Fighter on Mar 31, 2017.
             Mangled by Menkaure (20 damage)
             ... on level 4 of the Dungeon.
             The game lasted 00:31:07 (6766 turns).

equalderp2856 the Skirmisher (Mummy Fighter)        Turns: 6766, Time: 00:31:08

Health: -11/55     AC:  9    Str: 20    XL:     7   Next: 50%
Magic:  7/7        EV:  5    Int:  8    God:
Gold:   205        SH:  9    Dex: 12    Spells: 0 memorised, 6 levels left

rFire  . . .     SeeInvis .     a - +0 long sword
rCold  . . .     Gourm    .     n - +0 chain mail
rNeg   + + +     Faith    .     c - +0 shield
rPois  ∞         Spirit   .     (no helmet)
rElec  .         Reflect  .     (no cloak)
rCorr  .         Harm     .     (no gloves)
MR     .....                    (no boots)
Stlth  ..........               x - amulet of regeneration
                                B - ring of fire
                                (no ring)

@: no status effects
A: no food or potions, fire vulnerability, cold resistance 1, negative energy
resistance 3, torment resistance, unbreathing
a: no special abilities


You were on level 4 of the Dungeon.
You were not hungry.

You visited 1 branch of the dungeon, and saw 6 of its levels.

You collected 205 gold pieces.

Inventory:

Hand Weapons
 a - a +0 long sword (weapon)
 h - a +4 rapier of protection
 p - a +0 arbalest
 y - a +0 great sword
 z - a +0 hunting sling
 V - a +0 rapier
 Y - a +0 short sword
Missiles
 i - 29 sling bullets
 l - 74 arrows
 o - 130 stones (quivered)
 r - 41 bolts
 M - 3 tomahawks
Armour
 c - a +0 shield (worn)
 m - a +0 leather armour
 n - a +0 chain mail (worn)
 C - a +0 robe
 L - a +2 leather armour of fire resistance
Jewellery
 f - an uncursed ring of teleportation
 x - an amulet of regeneration (around neck)
 B - a ring of fire (right hand)
 E - a +4 amulet of reflection
Wands
 d - a wand of flame (19/48)
 w - a wand of random effects (43/48)
Scrolls
 b - a scroll of blinking {unknown}
 e - 2 scrolls of remove curse
 g - a scroll of identify
 A - 2 scrolls of enchant armour {unknown}
 K - 2 scrolls of amnesia {unknown}
Potions
 j - 5 potions of curing {unknown}
 k - 3 potions of brilliance {unknown}
 D - 2 potions of heal wounds {unknown}
 G - 2 potions of degeneration {unknown}
 H - a potion of flight {unknown}
Comestibles
 q - 4 bread rations
 F - 2 fruits


   Skills:
 + Level 4.6 Fighting
 + Level 4.5 Long Blades
 + Level 4.1 Armour
 + Level 1.2 Dodging
 + Level 0.6 Stealth
 + Level 3.3 Shields


You had 6 spell levels left.
You didn't know any spells.

Dungeon Overview and Level Annotations

Branches:
Dungeon (6/15)
 Temple: D:4-7

Altars:
Nemelex Xobeh
Xom

Annotations:
D:4 Grinder, Menkaure
D:5 Pikel


Innate Abilities, Weirdness & Mutations

You do not eat or drink.
Your flesh is vulnerable to fire.
You are immune to poison.
Your flesh is cold resistant. (rC+)
You are immune to negative energy. (rN+++)
You are immune to unholy pain and torment.
You can survive without breathing.


Message History

Menkaure is heavily damaged.
You block Menkaure's attack.
Your shield and chain mail prevent you from hitting Menkaure.
Menkaure is heavily damaged.
Menkaure hits you!!
You hit Menkaure but do no damage.
Menkaure is heavily damaged.
You block Menkaure's attack.
You hit Menkaure.
Menkaure is severely damaged.
Menkaure hits you!
* * * LOW HITPOINT WARNING * * *
You hit Menkaure.
Menkaure is almost destroyed.
Menkaure hits you!
* * * LOW HITPOINT WARNING * * *
You barely miss Menkaure.
Menkaure is almost destroyed.
Menkaure hits you!!
You die...

##...# #.#
#.. #...##
#.# #..
#...# #.##
##.. ##..##
#..## ##...
##..#
##.(####....
#..##
##..##...##
##..##
##.†...##
##..##
#....##
##.@# ##...#
##.M# #....#
##..#
#.....# #..#
#..###..#
#......#
#..# #....#
#.. #... ...


You could see Menkaure.

Vanquished Creatures
  Eustachio (D:3)
  2 ogres
  The ghost of Inkary the Skirmisher, a weakling MiFi (D:3)
  3 hounds
  2 jellies
  A worker ant (D:5)
  A killer bee zombie (D:4)
  2 gnolls (D:5)
  11 adders
  An ooze (D:3)
  A worm (D:3)
  4 dart slugs
  3 leopard geckos
  8 orcs (D:3)
  2 giant cockroaches (D:3)
  4 goblins
  7 hobgoblins
  6 jackals
  10 kobolds
  2 quokkas
  3 bats
  7 frilled lizards
  7 rats
  A fungus (D:1)
90 creatures vanquished.

Notes
Turn   | Place    | Note
-------+----------+-------------------------------------------
     0 | D:1      | equalderp2856 the Mummy Fighter began the quest for the Orb.
     0 | D:1      | Reached XP level 1. HP: 18/18 MP: 1/1
  1233 | D:2      | Reached XP level 2. HP: 24/24 MP: 2/2
  1385 | D:2      | Reached XP level 3. HP: 20/29 MP: 3/3
  1474 | D:2      | Found a shimmering altar of Xom.
  2343 | D:2      | Reached XP level 4. HP: 21/35 MP: 4/4
  3384 | D:3      | Reached XP level 5. HP: 18/41 MP: 5/5
  3610 | D:3      | Noticed Inkary's ghost (weakling MiFi)
  3708 | D:3      | Found a sparkling altar of Nemelex Xobeh.
  4102 | D:3      | Killed Inkary's ghost
  4905 | D:3      | Reached XP level 6. HP: 46/48 MP: 6/6
  5448 | D:4      | Noticed Eustachio
  5564 | D:4      | Noticed Grinder
  5569 | D:4      | Paralysed by Grinder for 2 turns
  5574 | D:5      | Entered Level 5 of the Dungeon
  5894 | D:5      | Noticed a slave
  5899 | D:5      | Noticed Pikel
  5940 | D:6      | Noticed a sky beast
  6243 | D:5      | Noticed a slave
  6245 | D:5      | Noticed a slave
  6546 | D:3      | Killed Eustachio
  6546 | D:3      | Reached XP level 7. HP: 37/55 MP: 7/7
  6625 | D:4      | Reached skill level 1 in Dodging
  6755 | D:4      | Noticed Menkaure
  6766 | D:4      | Mangled by Menkaure

Skill      XL: |  1  2  3  4  5  6  7 |
---------------+----------------------+-----
Long Blades    | 2 3 4 |  4.5
Armour         | 3 4 |  4.1
Fighting       | 4 |  4.6
Shields        | 3 |  3.3
Dodging        | 1 |  1.2
Stealth        | |  0.6

Action                   |  1- 3 |  4- 6 |  7- 9 || total
-------------------------+-------+-------+-------++-------
Melee: Long sword        |   138 |   174 |    29 ||   341
       Great sword       |       |   147 |       ||   147
  Use: Scroll            |       |     5 |       ||     5
Armor: Scale mail        |    58 |    13 |       ||    71
       Chain mail        |       |   217 |     4 ||   221
       Leather armour    |       |     7 |       ||     7
Dodge: Dodged            |    32 |   162 |     6 ||   200
Block: Shield            |    63 |   124 |    14 ||   201
       Other             |       |     8 |       ||     8
       Rpst.: Long sword |    11 |    22 |     2 ||    35
       Great sword       |       |    45 |       ||    45
